 Dungeon Crawl Stone Soup version 0.30-a0-190-g22c9a3c0ff (webtiles) character file.

Game seed: 7994434787733913739

45 Moles the Shield-Bearer (level 3, 0/36 HPs)
             Began as a Troll Fighter on Oct 4, 2022.
             Succumbed to an adder's poison
             ... on level 2 of the Dungeon.
             The game lasted 00:12:56 (1004 turns).

Moles the Shield-Bearer (Troll Fighter)             Turns: 1004, Time: 00:12:57

Health: 0/36       AC:  4    Str: 24    XL:     3   Next: 42%
Magic:  2/2        EV:  8    Int:  6    God:
Gold:   30         SH:  8    Dex:  9    Spells: 2/2 levels left

rFire   . . .      SeeInvis .    a - +0 war axe
rCold   . . .      Faith    .    c - +1 kite shield
rNeg    . . .      Spirit   .    b - +0 robe
rPois   .          Reflect  .    (helmet restricted)
rElec   .          Harm     .    (no cloak)
rCorr   .          Rampage  .    (gloves unavailable)
Will    .....                    (boots unavailable)
Stlth   +.........               (no amulet)
HPRegen 1.06/turn                (no ring)
MPRegen 0.08/turn                (no ring)

@: lethally poisoned (0 -> -5)
A: large, unfitting armour, claws 3, regeneration 1, shaggy fur 1, tough skin 1
a: no special abilities


You were on level 2 of the Dungeon.
You visited 1 branch of the dungeon, and saw 2 of its levels.

You collected 30 gold pieces.

Inventory:

Hand Weapons
 a - a +0 war axe (weapon)
Armour
 b - a +0 robe (worn)
 c - a +1 kite shield (worn)
Scrolls
 f - a scroll of identify {unknown}
Potions
 d - a potion of might


   Skills:
 + Level 2.7 Fighting
 + Level 2.2 Axes
 + Level 2.7 Dodging
 + Level 0.1 Stealth
 + Level 3.0 Shields


You had 2 spell levels left.
You didn't know any spells.
Your spell library was empty.

Dungeon Overview and Level Annotations

Branches:
Dungeon (2/15)

Altars:


Innate Abilities, Weirdness & Mutations

You are too large for most types of armour.
You have claws for hands.
Your natural rate of healing is unusually fast.
You are covered in fur. (AC +1)
You have tough skin. (AC +1)


Message History

You hit the bat zombie but do no damage.
You miss the adder.
You feel sick.
The bat zombie hits you but does no damage.
You block the bat zombie's attack. x2
The gnoll hits you from afar with a +0 spear. x2
The adder bites you but does no damage.
The bat zombie hits you but does no damage.
The gnoll hits you from afar with a +0 spear.
You block the gnoll's attack. The adder bites you.
You barely miss the adder.
The adder is almost dead.
You hit the bat zombie.
You feel sick. The bat zombie closely misses you.
You block the bat zombie's attack.
The bat zombie hits you but does no damage.
The adder bites you.
* * * LOW HITPOINT WARNING * * *
You are more poisoned.
The adder poisons you! You block the gnoll's attack.
The gnoll closely misses you. The adder bites you but does no damage.
Unknown command.
You closely miss the adder.
The adder is almost dead.
You hit the gnoll but do no damage.
You feel very sick.
A bat comes into view.
The gnoll barely misses you.
The gnoll hits you from afar with a +0 spear.
* * * LOW HITPOINT WARNING * * *
You block the adder's attack. You block the gnoll's attack.
The gnoll hits you from afar with a +0 spear.
* * * LOW HITPOINT WARNING * * *
The gnoll barely misses you. The adder bites you.
* * * LOW HITPOINT WARNING * * *
You are lethally poisoned!
The adder poisons you!
Unknown command.
You closely miss the adder.
The adder is almost dead.
You hit the gnoll.
You die...

#..#....###.......b.
#.....#..#.....b....
#.#...#.............
#.#.....##..........
#......†###.>.......
#.......# #....#...#
#..#......#
#.......># ##.....#
#....~~~.# ##@....#
..~.... #gS#####
~~.. #Zgg...##
#.SZ....#
#........g.
..b........##
.............#
.............#
.............#


You could see 3 gnolls, an adder, a bat zombie, an adder zombie, a bat and a
ball python.

Vanquished Creatures
  An adder (D:2)
  An adder zombie (D:2)
  A worm (D:2)
  2 endoplasms (D:1)
  3 goblins (D:1)
  3 hobgoblins (D:1)
  2 jackals (D:2)
  A quokka (D:1)
  6 ball pythons
  5 bats
  2 frilled lizards
  A kobold (D:2)
  3 rats
31 creatures vanquished.

Notes
Turn   | Place    | Note
-------+----------+-------------------------------------------
     0 | D:1      | Moles the Troll Fighter began the quest for the Orb.
     0 | D:1      | Reached XP level 1. HP: 22/22 MP: 0/0
   271 | D:1      | Reached XP level 2. HP: 29/29 MP: 1/1
   906 | D:2      | Reached XP level 3. HP: 36/36 MP: 2/2
   971 | D:2      | Reached skill level 3 in Shields
  1004 | D:2      | Succumbed to an adder's poison

Illustrated notes

Levels and vault maps discovered:
D:1:      ebering_hopf_link, layout_basic, minmay_misc_feat_more_columns
D:2:      layout_rooms, serial_undead, serial_undead_d, serial_undead_d,
          serial_undead_a, serial_undead_d,
          chequers_ecumenical_altar_simple_redux, moated_statue,
          chequers_serial_rivers_micro_c, wad_floor_pattern_2

Skill      XL: |  1  2  3 |
---------------+----------+-----
Axes           | 2 |  2.2
Shields        | 3 |  3.0
Fighting       | |  2.7
Dodging        | |  2.7
Stealth        | |  0.1

Action                   || total
-------------------------++-------
Melee: War axe           ||    90
  Use: Potion            ||     1
       Scroll            ||     4
 Stab: Sleeping          ||     1
Armor: Robe              ||    44
Dodge: Dodged            ||    46
Block: Kite shield       ||    56

Table legend: (Time is in decaauts)
 A = Elapsed time spent in this place.
 B = Non-inter-level travel time spent in this place.
 C = Inter-level travel time spent in this place.
 D = Time resting spent in this place.
 E = Time spent auto-exploring this place.
 F = Levels seen in this place.
 G = Mean time per level.
                   A        B        C        D        E       F      G
               +--------+--------+--------+--------+--------+-----+--------+
         Total |   1052 |   1052 |      0 |      0 |      0 |   2 |  526.0 |
       Dungeon |   1052 |   1052 |      0 |      0 |      0 |   2 |  526.0 |
               +--------+--------+--------+--------+--------+-----+--------+

Top non-repeatable levels by time:
     D:1: 917 daAuts
     D:2: 135 daAuts
